 Dungeon Crawl Stone Soup version 0.25-a0-96-g4073cf80fb (webtiles) character file.

Game seed: 2581915258227954748, levelgen mode: deterministic

17127 MisterFreud the Carver (level 12, -4/87 HPs)
             Began as an Octopode Gladiator on Nov 11, 2019.
             Was a High Priest of Cheibriados.
             Slain by an elephant (19 damage)
             ... on level 3 of the Lair of Beasts.
             The game lasted 00:26:44 (13315 turns).

MisterFreud the Carver (Octopode Gladiator)        Turns: 13315, Time: 00:26:45

Health: -4/87      AC:  8    Str: 28    XL:     12   Next: 44%
Magic:  16/16      EV: 23    Int: 25    God:    Cheibriados [*****.]
Gold:   757        SH:  0    Dex: 25    Spells: 11/11 levels left

rFire    . . .     SeeInvis .   E - +7 falchion "Gul Homo" {protect, rPois Str+3}
rCold    + . .     Gourm    .   (no shield)
rNeg     . . .     Faith    .   b - +0 hat
rPois    +         Spirit   .   (no amulet)
rElec    .         Reflect  .   a - ring of protection from magic
rCorr    .         Harm     .   C - ring of wizardry
MR       ++...                  I - ring of protection from magic
Stlth    +++.......             N - ring of protection from cold
HPRegen  0.24/turn              (no ring)
MPRegen  0.15/turn              (no ring)
                                (no ring)
                                (no ring)

@: protection aura, very slow
A: almost no armour, stealthy swim, amphibious, 8 rings, constrict 8, camouflage
1, gelatinous body 1
a: Bend Time, Temporal Distortion, Slouch, Step From Time, Renounce Religion


You were on level 3 of the Lair of Beasts.
You worshipped Cheibriados.
Cheibriados was extremely pleased with you.
You were not hungry.

You visited 3 branches of the dungeon, and saw 14 of its levels.
You also visited: Sewer.

You collected 757 gold pieces.

Inventory:

Hand Weapons
 f - the +2 falchion "Fish" {flame, +Fly rF+}
   (You found it on level 4 of the Dungeon)

   It has been specially enchanted to burn those struck by it, causing extra
   injury to most foes and up to half again as much damage against particularly
   susceptible opponents.
   Big, fiery blades are also staple armaments of hydra-hunters.
   It protects you from fire.
   It lets you fly.
 l - the +7 Singing Sword {slice, sonic wave}
   (You found it on level 2 of the Lair of Beasts)

   It inflicts extra damage upon your enemies.
 s - a +3 long sword of electrocution
 E - the +7 falchion "Gul Homo" (weapon) {protect, rPois Str+3}
   (You found it on level 7 of the Dungeon)

   It grants its wielder temporary protection when it strikes (+7 to AC).
   It affects your strength (+3).
   It protects you from poison.
Missiles
 c - 6 throwing nets (quivered)
 e - 429 stones
 i - 6 atropa-tipped darts
 j - 70 bolts
 q - 54 poisoned darts
 r - 63 sling bullets
 u - 3 boomerangs
 w - 13 boomerangs of dispersal
 J - 122 arrows
 O - 5 silver javelins
 S - 5 curare-tipped darts
Armour
 b - a +0 hat (worn)
 g - a +0 shield
Jewellery
 a - a ring of protection from magic (left tentacle)
 C - a ring of wizardry (right tentacle)
 I - a ring of protection from magic (on tentacle)
 N - a ring of protection from cold (on tentacle)
 U - an uncursed ring of ice
Wands
 n - a wand of clouds (2)
 F - a wand of iceblast (12)
 P - a wand of digging (6)
 Q - a wand of acid (7)
Scrolls
 m - 3 scrolls of remove curse
 o - 8 scrolls of teleportation
 t - 3 scrolls of immolation
 y - a scroll of amnesia
 B - 4 scrolls of fog
 M - a scroll of blinking
Potions
 h - 2 potions of might
 k - 4 potions of haste {unknown}
 p - 2 potions of mutation
 v - a potion of ambrosia {unknown}
 x - 4 potions of brilliance {unknown}
 z - 4 potions of curing
 A - a potion of degeneration {unknown}
 D - 2 potions of berserk rage {unknown}
 G - 2 potions of cancellation {unknown}
 H - 2 potions of lignification {unknown}
 K - a potion of agility {unknown}
 L - 2 potions of flight {unknown}
 R - 2 potions of invisibility
Comestibles
 d - 23 rations


   Skills:
 - Level 10.0 Fighting
 + Level 12.6 Long Blades
 - Level 2.0 Throwing
 - Level 10.0 Dodging
 + Level 2.5 Shields
 + Level 5.4 Invocations
 - Level 6.0 Evocations


You had 11 spell levels left.
You didn't know any spells.
Your spell library was empty.

Dungeon Overview and Level Annotations

Branches:
Dungeon (10/15)            Temple (1/1) D:6            Lair (3/6) D:9
  Swamp (0/4) Lair:2        Snake (0/4) Lair:2        Sewer (visited)
    Orc: D:9-12

Altars:
Ashenzari
Cheibriados
Elyvilon
Fedhas
Gozag
Hepliaklqana
Makhleb
Nemelex Xobeh
Okawaru
Qazlal
Ru
Uskayaw
Vehumet
Wu Jian
Xom
Yredelemnul
Zin
Beogh

Annotations:
D:4 3 runed translucent doors, Torious's ghost, amateur DECj
D:9 exclusion: orange crystal statue
Lair:2 exclusion: 2 oklob plants


Innate Abilities, Weirdness & Mutations

You cannot wear most types of armour.
You are very stealthy in the water. (Stealth+)
You are amphibious.
You can wear up to eight rings at the same time.
You can use your tentacles to constrict eight enemies at once.
Your skin changes colour to match your surroundings (Stealth+).
Your rubbery body absorbs attacks. (AC +1, EV +1)


Message History

The elephant is engulfed in blazing flames.
The elephant tramples you!!
* * * LOW HITPOINT WARNING * * *
You hold your ground!
The elephant barely misses you.
You feel better.
The elephant is engulfed in blazing flames. x2
You kill the elephant!
Cheibriados thoroughly appreciates the change of pace.
Evoke which item? (* to show all) (? for menu, Esc to quit)
Aiming: Corrosive Bolt
Press: ? - help, Shift-Dir - straight line, f - elephant
Aim: an elephant (flame, lightly wounded)
The bolt of acid hits the elephant!
The elephant is splashed with acid.
The elephant is moderately wounded.
The elephant is engulfed in blazing flames.
You hit the elephant but do no damage.
The elephant is heavily wounded.
The elephant is engulfed in blazing flames.
The elephant tramples you!!
You die...

#..## ....# ##...#
....# #..# ##†.##
#..§§# ###Y§## #@Y§§#
# ###### #####..#
####.##P######.###..##
>....................#
....................##
P#######..#######.#.#
## #### #####


You could see 2 elephants.

Vanquished Creatures
  Harold (D:7)
  Fannar (Lair:3)
  A two-headed ogre (D:9)
  Sonja (Lair:3)
  Pikel (D:5)
  3 elephants (Lair:3)
  2 black mambas (Lair:2)
  2 spiny frogs
  2 komodo dragons (Lair:1)
  Grinder (D:3)
  A hornet (D:9)
  4 hippogriffs
  6 dream sheep (Lair:1)
  14 yaks
  2 wyverns (D:8)
  Eustachio (D:4)
  A basilisk (Lair:1)
  A hungry ghost (D:7)
  2 vampire mosquitoes (Lair:1)
  9 insubstantial wisps
  A naga (Lair:2)
  Duvessa (D:6)
  6 porcupines
  3 ice beasts
  2 swamp drakes (Lair:1)
  An orc warrior (D:9)
  A sky beast (D:7)
  2 slaves
  3 ogres
  A phantom (D:5)
  3 centaurs
  4 crocodiles (Lair:1)
  5 bullfrogs
  Dowan (D:6)
  5 scorpions
  10 wights
  5 killer bees (D:8)
  2 howler monkeys
  A crimson imp (D:6)
  2 centaur zombies
  4 bullfrog skeletons
  A bullfrog zombie (D:5)
  8 jellies
  5 orc priests
  9 orc wizards
  6 iguanas
  Terence (D:3)
  10 worker ants
  2 hound skeletons
  Robin (D:4)
  2 worker ant zombies
  9 adders
  4 river rats
  A shadow imp (D:5)
  7 oozes
  An adder zombie (D:9)
  2 adder skeletons
  4 worms
  3 dart slugs
  9 leopard geckos
  19 orcs
  11 bats
  A giant cockroach (D:2)
  13 goblins
  11 hobgoblins
  10 jackals
  9 kobolds
  3 quokkas
  3 ball pythons (Sewer)
  9 frilled lizards
  A jackal zombie (D:8)
  19 rats
  A spectral orc (D:7)
314 creatures vanquished.

Vanquished Creatures (others)
  A centaur zombie (D:6)
1 creature vanquished.

Grand Total: 315 creatures vanquished

Notes
Turn   | Place    | Note
-------+----------+-------------------------------------------
     0 | D:1      | MisterFreud the Octopode Gladiator began the quest for the
                  | Orb.
     0 | D:1      | Reached XP level 1. HP: 14/14 MP: 1/1
   242 | D:1      | Reached XP level 2. HP: 19/19 MP: 2/2
   432 | D:1      | Reached skill level 4 in Long Blades
   456 | D:1      | Reached XP level 3. HP: 24/24 MP: 3/3
  1137 | D:2      | Noticed a water elemental
  1142 | D:2      | Found a stormy altar of Qazlal.
  1215 | D:2      | Noticed a fire elemental
  1219 | D:2      | Noticed an air elemental
  1219 | D:2      | Noticed an earth elemental
  1350 | D:2      | Reached XP level 4. HP: 27/29 MP: 4/4
  1796 | D:2      | Reached skill level 5 in Long Blades
  1894 | D:2      | Found an iron altar of Okawaru.
  1911 | D:2      | Found a shattered altar of Ashenzari.
  1915 | D:2      | Found a white marble altar of Elyvilon.
  1915 | D:2      | Found an ornate altar of the Wu Jian Council.
  1926 | D:2      | Found a shimmering altar of Xom.
  2123 | D:3      | Noticed Grinder
  2338 | D:3      | Killed Grinder
  2338 | D:3      | Reached skill level 6 in Long Blades
  2338 | D:3      | Reached XP level 5. HP: 30/34 MP: 5/5
  2338 | D:3      | Reached XP level 6. HP: 35/39 MP: 6/6
  2358 | D:3      | Noticed Terence
  2364 | D:3      | Killed Terence
  2722 | D:3      | Found a radiant altar of Vehumet.
  2837 | D:4      | Reached skill level 7 in Long Blades
  2846 | D:4      | Noticed Eustachio
  2864 | D:4      | Killed Eustachio
  2864 | D:4      | Reached XP level 7. HP: 21/45 MP: 7/7
  3293 | D:4      | Noticed Robin
  3306 | D:4      | Killed Robin
  3468 | D:4      | Found a runed translucent gate.
  3642 | D:4      | Got a pitted falchion
  3643 | D:4      | Identified the +2 falchion "Fish" {flame, +Fly rF+} (You
                  | found it on level 4 of the Dungeon)
  3736 | D:4      | Found a runed translucent gate.
  3737 | D:4      | Found a runed translucent gate.
  3738 | D:4      | Noticed Torious's ghost (amateur DECj)
  3740 | D:4      | Identified the cursed +1 ring mail of the Burgomaster
                  | {Str+3}
  3743 | D:4      | Found a roughly hewn altar of Beogh.
  3803 | D:5      | Entered Level 5 of the Dungeon
  3808 | D:5      | Reached skill level 8 in Long Blades
  3808 | D:5      | Reached skill level 5 in Dodging
  3866 | D:5      | Found a glowing drain.
  3870 | Sewer    | Entered a sewer
  4425 | D:5      | Reached XP level 8. HP: 50/50 MP: 8/8
  5463 | D:6      | Noticed Pikel
  5484 | D:5      | Killed Pikel
  5627 | D:6      | Reached XP level 9. HP: 54/54 MP: 9/9
  5805 | D:6      | Noticed Duvessa
  5806 | D:6      | Noticed Dowan
  5813 | D:6      | Killed Duvessa
  5823 | D:6      | Killed Dowan
  5823 | D:6      | Reached skill level 10 in Dodging
  6239 | D:6      | Found a staircase to the Ecumenical Temple.
  6267 | Temple   | Entered the Ecumenical Temple
  6275 | Temple   | Became a worshipper of Cheibriados the Contemplative
  6361 | D:7      | Found an ornate altar of the Wu Jian Council.
  6377 | D:7      | Got a slimy falchion
  6490 | D:7      | Noticed Harold
  6504 | D:7      | Killed Harold
  6504 | D:7      | Reached skill level 9 in Long Blades
  6587 | D:7      | Reached skill level 5 in Fighting
  6595 | D:7      | Reached XP level 10. HP: 43/66 MP: 10/10
  6862 | D:7      | Found a basalt altar of Yredelemnul.
  7446 | D:8      | Reached * piety under Cheibriados
  7583 | D:8      | Reached skill level 10 in Long Blades
  8247 | D:8      | Reached ** piety under Cheibriados
  9000 | D:9      | Noticed a two-headed ogre
  9010 | D:9      | Killed a two-headed ogre
  9010 | D:9      | Reached skill level 11 in Long Blades
  9010 | D:9      | Reached XP level 11. HP: 31/78 MP: 11/11
  9362 | D:9      | Reached *** piety under Cheibriados
  9441 | D:9      | Noticed an orange crystal statue
  9540 | D:9      | Found a staircase to the Lair.
  9642 | D:10     | Entered Level 10 of the Dungeon
  9642 | D:10     | Noticed a seven-headed hydra
  9659 | D:9      | Identified the +7 falchion "Gul Homo" {protect, rPois
                  | Str+3} (You found it on level 7 of the Dungeon)
 10000 | Lair:1   | Entered Level 1 of the Lair of Beasts
 10210 | Lair:1   | Reached skill level 1 in Evocations
 10361 | Lair:1   | Reached **** piety under Cheibriados
 10408 | Lair:1   | Reached skill level 1 in Invocations
 10886 | Lair:1   | Reached skill level 12 in Long Blades
 11167 | Lair:2   | Found a staircase to the Swamp.
 11914 | Lair:2   | Noticed an oklob plant
 11914 | Lair:2   | Noticed an oklob plant
 11927 | Lair:2   | Reached XP level 12. HP: 76/87 MP: 15/15
 11957 | Lair:2   | Found the +7 Singing Sword {slice, sonic wave}
 12074 | Lair:2   | Reached skill level 5 in Evocations
 12271 | Lair:2   | Found a staircase to the Snake Pit.
 12282 | Lair:2   | Reached skill level 10 in Fighting
 12974 | Lair:3   | Noticed Sonja
 12980 | Lair:3   | Killed Sonja
 12980 | Lair:3   | Reached ***** piety under Cheibriados
 13101 | Lair:3   | Reached skill level 1 in Shields
 13146 | Lair:3   | Noticed Fannar
 13194 | Lair:3   | Killed Fannar
 13194 | Lair:3   | Reached skill level 5 in Invocations
 13315 | Lair:3   | Slain by an elephant

Levels and vault maps discovered:
D:1:      dpeg_arrival_morbid_curiosity, layout_basic
D:2:      layout_basic, minmay_overflow_temple_star_hex,
          nicolae_qazlal_style_of_elements
D:3:      layout_loops_ring, vehumet_crystals, first_ration, uniq_grinder,
          uniq_terence
D:4:      layout_loops_ring, biasface_ghost_orc_armoury, uniq_eustachio,
          uniq_robin
D:5:      layout_basic, gup_sewer_entry_spiral, chequers_ossuary_entry_cave
D:6:      layout_cave_pools, minmay_temple_entry_nine_rooms, uniq_pikel,
          uniq_duvessa
D:7:      layout_basic, yredelemnul_forgotten_temple_becter, basic_altar,
          uniq_harold
D:8:      layout_basic, hangedman_little_slice_of_home
D:9:      layout_gridville, grunt_lair_entry_orc_guard_hut,
          minmay_protected_statue
D:10:     layout_loops_ring, serial_shops, nicolae_shop_trees,
          minmay_alternating_orb, uniq_erica
Temple:   eino_narrow_crystal_temple
Lair:1:   layout_long_grid, wad_woods_road_03, minmay_holes, pond,
          serial_bayou_shore_a
Lair:2:   layout_regular_city, minmay_swamp_entry_wisps,
          guppyfry_snake_entry_garden, lemuel_fruit_fields,
          minmay_lair_oklob_chamber
Lair:3:   layout_long_grid, lemuel_centaur_altar, uniq_fannar, uniq_sonja

Skill      XL: |  1  2  3  4  5  6  7  8  9 10 11 12 |
---------------+-------------------------------------+-----
Long Blades    | 4 6 7 8 9 11 12 | 12.6
Dodging        | 5 8 10 | 10.0
Fighting       | 5 8 9 10 | 10.0
Evocations     | 4 6 |  6.0
Invocations    | 3 5 |  5.4
Shields        | 2 |  2.5
Throwing       | |  2.0

Action                   |  1- 3 |  4- 6 |  7- 9 | 10-12 || total
-------------------------+-------+-------+-------+-------++-------
Melee: Long sword        |    55 |    58 |   207 |   177 ||   497
       Constrict         |    16 |    16 |    55 |    53 ||   140
       Tentacles         |     8 |    14 |    51 |   148 ||   221
       Falchion          |       |       |       |   206 ||   206
Evoke: Wand              |       |       |       |     5 ||     5
  Use: Potion            |       |     1 |     2 |     3 ||     6
       Scroll            |       |     8 |     2 |     9 ||    19
 Stab: Sleeping          |    14 |     6 |    17 |    12 ||    49
  Eat: Chunk             |     1 |     5 |    11 |    14 ||    31
Armor: Skin              |     5 |     2 |     4 |    18 ||    29
Dodge: Dodged            |    41 |    34 |   130 |   281 ||   486
       Rpst.: Long sword |    14 |    14 |    38 |    36 ||   102
       Falchion          |       |       |       |    35 ||    35

Table legend:
 A = Non-vault XP
 B = Vault XP
 C = Vault XP percentage of total XP
 D = Non-vault monster count
 E = Vault monster count
 F = Vault count percentage of total count
                 A         B        C        D         E       F
            +---------+---------+-------+---------+---------+-------
      Total |   17139 |    7329 |  30.0 |     233 |      79 |  25.3
            +---------+---------+-------+---------+---------+-------
        D:1 |      39 |       9 |  18.8 |      22 |       5 |  18.5
        D:2 |      59 |       0 |   0.0 |      23 |       0 |   0.0
        D:3 |      33 |     317 |  90.6 |      13 |       2 |  13.3
        D:4 |     371 |     237 |  39.0 |      22 |      12 |  35.3
        D:5 |     451 |     664 |  59.6 |      13 |       8 |  38.1
        D:6 |     913 |     215 |  19.1 |      22 |       2 |   8.3
        D:7 |    1030 |     998 |  49.2 |      13 |       2 |  13.3
        D:8 |    2287 |     163 |   6.7 |      37 |       8 |  17.8
        D:9 |    1890 |     589 |  23.8 |      26 |       6 |  18.8
       D:10 |       5 |       0 |   0.0 |       1 |       0 |   0.0
     Lair:1 |    4849 |    1859 |  27.7 |      22 |      12 |  35.3
     Lair:2 |    2769 |     455 |  14.1 |      10 |       3 |  23.1
     Lair:3 |    2443 |    1744 |  41.7 |       9 |       2 |  18.2
      Sewer |       0 |      79 | 100.0 |       0 |      17 | 100.0
            +---------+---------+-------+---------+---------+-------
